Construct Section Command Post
Selects Heavy Armor Battlegroup
Selects Engineer Detachments
Construct Platoon Command Post
Selects Light Vehicle Withdraw and Refit
Light Vehicle Withdraw and Refit
Light Vehicle Withdraw and Refit
Construct Field Infirmary
Light Vehicle Withdraw and Refit
Construct Company Command Post
6-pounder Anti-tank Gun Team
Selects Crusader AA Medium Tank
Selects Churchill Black Prince Heavy Tank
Churchill Black Prince Heavy Tank
Unlock M3 Grant Medium Tanks